 Dungeon Sprint DCSS version 0.28.0-47-ge53b351184 (webtiles) character file.

Game seed: 7038233852203694714

1103 browni3141 the Fighter (level 8, -1/105 HPs)
             Began as an Ogre Hunter on May 4, 2022.
             Was a Believer of Okawaru.
             Slain by an unseen horror (7 damage)
             ... in the Dungeon (Sprint IX: "|||||||||||||||||||||||||||||").
             The game lasted 00:01:47 (268 turns).

browni3141 the Fighter (Ogre Hunter)                 Turns: 268, Time: 00:01:48

Health: -1/105     AC:  4    Str: 19    XL:     8   Next: 32%
Magic:  8/8        EV: 10    Int: 15    God:    Okawaru [**....]
Gold:   0          SH:  0    Dex: 12    Spells: 7/7 levels left

rFire   . . .      SeeInvis .   m - +2 morningstar (vorpal)
rCold   . . .      Faith    .   (no shield)
rNeg    . . .      Spirit   .   b - +0 robe
rPois   .          Reflect  .   (helmet restricted)
rElec   .          Harm     .   n - +0 cloak
rCorr   .          Rampage  .   (gloves unavailable)
Will    .....      NoTele   +   (boots unavailable)
Stlth   +.........              (no amulet)
HPRegen 0.27/turn               I - +3 ring of intelligence
MPRegen 0.11/turn               X - +3 ring of dexterity

@: no status effects
A: large, unfitting armour, tough skin 1
a: Renounce Religion, Heroism


You were in the Dungeon.
You worshipped Okawaru.
Okawaru was pleased with you.
You visited 1 branch


Innate Abilities, Weirdness & Mutations

You are too large for most types of armour.
You have tough skin. (AC +1)


   Skills:
 + Level 14.1 Fighting
 * Level 10.1 Maces & Flails
 - Level 10.0 Throwing
 - Level 1.7 Dodging
 - Level 0.6 Stealth


You had 7 spell levels left.
You didn't know any spells.
Your spell library was empty.

Inventory:

Hand Weapons
 a - a +0 short sword
 m - a +2 vorpal morningstar (weapon)
Missiles
 d - a throwing net (quivered)
Armour
 b - a +0 robe (worn)
 n - a +0 cloak (worn)
Jewellery
 I - a +3 ring of intelligence (left hand)
 X - a +3 ring of dexterity (right hand)
Wands
 l - a wand of acid (4)
Scrolls
 j - 2 scrolls of blinking {@r3}
 k - 2 scrolls of amnesia
Potions
 c - a potion of invisibility
 e - 4 potions of curing {@q1}
 f - 3 potions of heal wounds {@q2}
 g - a potion of haste {@q3}
 h - 4 potions of magic
 i - a potion of berserk rage {!q}

Dungeon Overview and Level Annotations

Branches:
Dungeon (1/1)

Altars:
Cheibriados
Dithmenos
Elyvilon
Fedhas
Gozag
Hepliaklqana
Kikubaaqudgha
Makhleb
Nemelex Xobeh
Okawaru
Qazlal
Ru
Sif Muna
Trog
Uskayaw
Vehumet
Wu Jian
Xom
Yredelemnul
Zin
The Shining One
Beogh
Jiyva
Lugonu

¦.¦
¦)¦
¦.¦
¦.¦
¦[¦
¦[¦
¦.¦
¦.¦
¦@¦
¦)¦
¦.¦
¦.¦
¦.¦
¦.¦
¦.¦
¦+¦


There were no monsters in sight!


Message History

Something hits you.
* * * LOW HITPOINT WARNING * * *
Deactivating autopickup; reactivate with Ctrl-A.
Your Fighting skill increases to level 14!
Your Maces & Flails skill increases to level 10!
Unknown command.
Something hits you but does no damage.
You hit something but do no damage. Something hits you!
* * * LOW HITPOINT WARNING * * *
You hit something. Something hits you.
* * * LOW HITPOINT WARNING * * *
Something hits you but does no damage. Something hits you.
* * * LOW HITPOINT WARNING * * *
You feel better. Something hits you.
* * * LOW HITPOINT WARNING * * *
Something hits you but does no damage.
You thump something! Something hits you.
* * * LOW HITPOINT WARNING * * *
Something hits you but does no damage. Something hits you.
* * * LOW HITPOINT WARNING * * *
There is an open door to the Dungeon, spattered with blood here.
Things that are here:
a +0 battleaxe; a +0 chain mail That's the wrong kind of item! (Use * to select it.) Evoke which item? (* to show all) (? for menu, Esc to quit)
Okay, then.
Aiming: Corrosive Bolt
Press: ? - help, Shift-Dir - straight line Something hits you!
You die...

Skill      XL: |  1  2  3  4  5  6  7  8 |
---------------+-------------------------+-----
Fighting       | 8 10 11 13 14 | 14.1
Throwing       | 7 9 10 | 10.0
Maces & Flails | 4 9 10 | 10.1
Dodging        | |  1.7
Stealth        | |  0.6

Action                   |  1- 3 |  4- 6 |  7- 9 || total
-------------------------+-------+-------+-------++-------
Melee: Short sword       |    13 |    23 |       ||    36
       Morningstar       |       |     6 |     5 ||    11
Throw: Large rock        |     4 |     1 |       ||     5
       Throwing net      |       |     1 |       ||     1
Evoke: Wand              |       |     5 |     1 ||     6
  Use: Potion            |       |       |     1 ||     1
Armor: Robe              |    10 |     5 |     4 ||    19
Dodge: Dodged            |     5 |    25 |       ||    30

Levels and vault maps discovered:
D:        linesprint [early_d, line_temple, items_1, d_10, items_2, lair_1,
          lair_end, items_3, orc_1, orc_end, items_4, d_15, swamp_1, shoals_1,
          snake_1, spider_1, d_20, vaults_1, items_5, swamp_end, shoals_end,
          snake_end, spider_end, vaults_end, d_27, items_6, zot_1, zot_end,
          crypt_end, forest_end, elf_end, slime_end, tomb_end, abyss_end,
          pan_hell_end]

Notes
Turn   | Place    | Note
-------+----------+-------------------------------------------
     0 | D        | browni3141 the Ogre Hunter began the quest for the Orb.
     0 | D        | Reached XP level 1. HP: 22/22 MP: 1/1
     5 | D        | Reached skill level 3 in Fighting
     6 | D        | Reached skill level 4 in Fighting
    17 | D        | Reached skill level 5 in Fighting
    23 | D        | Noticed a hound
    23 | D        | Noticed a black bear
    23 | D        | Noticed an orc priest
    25 | D        | Killed a hound
    26 | D        | Reached skill level 8 in Fighting
    26 | D        | Reached XP level 2. HP: 39/42 MP: 2/2
    26 | D        | Reached XP level 3. HP: 46/49 MP: 3/3
    27 | D        | Killed a black bear
    28 | D        | Reached skill level 10 in Fighting
    28 | D        | Reached skill level 7 in Throwing
    28 | D        | Reached XP level 4. HP: 51/61 MP: 4/4
    28 | D        | Reached XP level 5. HP: 57/68 MP: 5/5
    39 | D        | Reached skill level 8 in Throwing
   194 | D        | Found a snail-covered altar of Cheibriados.
   194 | D        | Found a shadowy altar of Dithmenos.
   194 | D        | Found a white marble altar of Elyvilon.
   194 | D        | Found a blossoming altar of Fedhas.
   194 | D        | Found an opulent altar of Gozag.
   195 | D        | Found a hazy altar of Hepliaklqana.
   196 | D        | Found a viscous altar of Jiyva.
   197 | D        | Found an ancient bone altar of Kikubaaqudgha.
   198 | D        | Found a corrupted altar of Lugonu.
   199 | D        | Found a burning altar of Makhleb.
   200 | D        | Found a sparkling altar of Nemelex Xobeh.
   201 | D        | Found an iron altar of Okawaru.
   202 | D        | Found a stormy altar of Qazlal.
   203 | D        | Found a sacrificial altar of Ru.
   204 | D        | Found a shimmering blue altar of Sif Muna.
   205 | D        | Found a bloodstained altar of Trog.
   206 | D        | Found a hide-covered altar of Uskayaw.
   207 | D        | Found a radiant altar of Vehumet.
   208 | D        | Found an ornate altar of the Wu Jian Council.
   209 | D        | Became a worshipper of Warmaster Okawaru
   210 | D        | Found a shimmering altar of Xom.
   211 | D        | Found a basalt altar of Yredelemnul.
   212 | D        | Found a glowing silver altar of Zin.
   213 | D        | Found a glowing golden altar of the Shining One.
   247 | D        | Noticed an orc warrior
   247 | D        | Identified a +1 robe of resistance
   247 | D        | Noticed a wraith
   247 | D        | Noticed an orc warrior
   247 | D        | Noticed a two-headed ogre
   255 | D        | Killed a wraith
   256 | D        | Reached skill level 11 in Fighting
   256 | D        | Reached skill level 4 in Maces & Flails
   256 | D        | Reached skill level 9 in Throwing
   256 | D        | Reached XP level 6. HP: 37/80 MP: 6/6
   256 | D        | Killed an orc warrior
   256 | D        | Reached * piety under Okawaru
   257 | D        | Reached skill level 6 in Maces & Flails
   257 | D        | Reached skill level 10 in Throwing
   259 | D        | Killed a two-headed ogre
   259 | D        | Reached ** piety under Okawaru
   260 | D        | Reached skill level 13 in Fighting
   260 | D        | Reached skill level 9 in Maces & Flails
   260 | D        | Reached XP level 7. HP: 28/94 MP: 7/7
   260 | D        | Reached XP level 8. HP: 32/104 MP: 8/8
   262 | D        | Reached skill level 14 in Fighting
   262 | D        | Reached skill level 10 in Maces & Flails
   264 | D        | HP: 9/105 [something (3)]
   268 | D        | Slain by an unseen horror

Vanquished Creatures
  A two-headed ogre (D)
  A wraith (D)
  2 orc warriors (D)
  A black bear (D)
  A hound (D)
  An orc priest (D)
  An orc wizard (D)
  An orc (D)
  A bat zombie (D)
  A giant cockroach (D)
  A bat (D)
  A frilled lizard (D)
  2 rats (D)
15 creatures vanquished.

Table legend: (Time is in decaauts)
 A = Elapsed time spent in this place.
 B = Non-inter-level travel time spent in this place.
 C = Inter-level travel time spent in this place.
 D = Time resting spent in this place.
 E = Time spent auto-exploring this place.
 F = Levels seen in this place.
 G = Mean time per level.
                   A        B        C        D        E       F      G
               +--------+--------+--------+--------+--------+-----+--------+
         Total |    275 |    275 |      0 |    135 |      3 |   1 |  275.0 |
       Dungeon |    275 |    275 |      0 |    135 |      3 |   1 |  275.0 |
               +--------+--------+--------+--------+--------+-----+--------+

Top non-repeatable levels by time:
       D: 275 daAuts

Table legend:
 A = Non-vault XP
 B = Vault XP
 C = Vault XP percentage of total XP
 D = Non-vault monster count
 E = Vault monster count
 F = Vault count percentage of total count
                 A         B        C        D         E       F
            +---------+---------+-------+---------+---------+-------
      Total |       0 |    1576 | 100.0 |       0 |      15 | 100.0
            +---------+---------+-------+---------+---------+-------
          D |       0 |    1576 | 100.0 |       0 |      15 | 100.0
            +---------+---------+-------+---------+---------+-------
